 Dungeon Crawl Stone Soup version 0.22.1-1-ga44c0e56f4 (webtiles) character file.

86 Gargoyl the Skirmisher (level 4, -4/38 HPs)
             Began as a Centaur Abyssal Knight on Nov 3, 2018.
             Was a Believer of Lugonu.
             Slain by Terence
             ... wielding a +2 mace of distortion
              (13 damage)
             ... on level 2 of the Dungeon.
             The game lasted 00:02:58 (1650 turns).

Gargoyl the Skirmisher (Centaur Abyssal Knight)     Turns: 1650, Time: 00:02:59

Health: -4/38      AC: 10    Str: 14    XL:     4   Next: 27%
Magic:  6/6        EV:  1    Int: 11    God:    Lugonu [**....]
Gold:   159        SH:  3    Dex: 10    Spells: 3/3 levels left

rFire    . . .     SeeInvis .   a - +1 hand axe (freeze)
rCold    + . .     Gourm    .   d - +0 buckler
rNeg     . . .     Faith    .   b - +0 plate armour (curse)
rPois    +         Spirit   .   g - +0 helmet
rElec    .         Reflect  .   (no cloak)
rCorr    .         Harm     .   (no gloves)
MR       .....                  (no barding)
Stlth    ..........             (no amulet)
HPRegen  0.12/turn              j - ring of protection from cold
MPRegen  0.10/turn              k - ring of poison resistance

@: very quick
A: large, hooves 3, deformed body, speed 2, tough skin 3
a: Depart the Abyss, Bend Space, Renounce Religion


You were on level 2 of the Dungeon.
You worshipped Lugonu.
Lugonu was pleased with you.
You were not hungry.

You visited 1 branch of the dungeon, and saw 3 of its levels.
You visited the Abyss 1 time.

You collected 159 gold pieces.

Inventory:

Hand Weapons
 a - a +1 hand axe of freezing (weapon)
Missiles
 f - 5 javelins (quivered)
Armour
 b - a cursed +0 plate armour (worn)
 d - a +0 buckler (worn)
 g - a +0 helmet (worn)
Jewellery
 e - an uncursed amulet of regeneration {unknown}
 j - a ring of protection from cold (left hand)
 k - a ring of poison resistance (right hand)
 l - an uncursed ring of protection from cold
Scrolls
 n - a scroll of identify
 o - a scroll of teleportation {unknown}
 q - a scroll of magic mapping
Potions
 h - a potion of curing {unknown}
 m - a potion of brilliance
Comestibles
 c - 4 rations


   Skills:
 + Level 3.4 Fighting
 + Level 2.5 Axes
 * Level 2.0 Armour
 + Level 0.9 Dodging
 + Level 0.3 Shields
 * Level 2.8 Invocations


You had 3 spell levels left.
You didn't know any spells.
Your spell library was empty.

Dungeon Overview and Level Annotations

Branches:
Dungeon (3/15)

Altars:

Annotations:
D:2 Terence


Innate Abilities, Weirdness & Mutations

You have hooves in place of feet.
Armour fits poorly on your strangely shaped body.
You cover ground very quickly.
You have extremely tough skin. (AC +3)


Message History

Press: ? - help, Shift-Dir - straight line, f/p - Terence
Aim: Terence, wielding a mace of distortion and wearing a scale mail You throw a javelin.
The javelin barely misses Terence.
Terence shouts, "Now you die!" Terence hits you but does no damage.
Space warps horribly around you!
You hit Terence. You freeze Terence.
Terence is lightly wounded.
Terence hits you but does no damage. Space warps horribly around you!
You hit Terence. You freeze Terence. Your kick misses Terence.
Terence is moderately wounded.
Terence hits you but does no damage.
You blink.
You closely miss Terence.
Terence is moderately wounded.
Terence hits you but does no damage. Space bends around you.
* * * LOW HITPOINT WARNING * * *
Your plate armour prevents you from hitting Terence.
Your kick misses Terence.
Terence is moderately wounded.
Terence hits you but does no damage. Space warps horribly around you!
You die...

# # # #### ...# ...#
...#######################
........[..).)............
...........))†..@.........
................@.........
[..........(.....).######
.....#############.#
.....# #.# # .#.# .....#
..# #....# .....# ###
.#..# .....# ..[# .....#
####..#


You could see Terence.

Vanquished Creatures
  Robin (D:2)
  2 adders
  2 worms (D:2)
  A leopard gecko (D:1)
  15 goblins
  4 hobgoblins (D:2)
  4 jackals (D:2)
  5 kobolds
  2 ball pythons
  2 bats (D:1)
  6 frilled lizards
  5 rats
49 creatures vanquished.

Notes
Turn   | Place    | Note
-------+----------+-------------------------------------------
     0 | Abyss:1  | Gargoyl the Centaur Abyssal Knight began the quest for the
                  | Orb.
     0 | Abyss:1  | Reached XP level 1. HP: 19/19 MP: 2/2
    56 | Abyss:1  | Noticed a green very ugly thing
    58 | Abyss:2  | Found a corrupted altar of Lugonu.
   116 | Abyss:2  | Noticed a neqoxec
   126 | Abyss:2  | Noticed a ynoxinul
   130 | D:1      | Escaped the Abyss
   382 | D:1      | Reached XP level 2. HP: 21/26 MP: 3/3
   526 | D:1      | Reached * piety under Lugonu
   975 | D:2      | Reached XP level 3. HP: 29/31 MP: 4/4
   991 | D:2      | Noticed Terence
  1496 | D:2      | Noticed Robin
  1505 | D:2      | Reached XP level 4. HP: 22/38 MP: 6/6
  1508 | D:2      | Reached ** piety under Lugonu
  1513 | D:2      | Killed Robin
  1650 | D:2      | Slain by Terence

Skill      XL: |  1  2  3 |
---------------+----------+-----
Axes           | 2 |  2.5
Armour         | 2 |  2.0
Fighting       | |  3.4
Dodging        | |  0.9
Shields        | |  0.3
Invocations    | |  2.8

Action                   |  1- 3 |  4- 6 || total
-------------------------+-------+-------++-------
Melee: Hand axe          |    71 |    19 ||    90
       Kick              |    12 |     5 ||    17
Throw: Javelin           |       |     5 ||     5
Invok: Depart the Abyss  |     1 |       ||     1
  Use: Scroll            |     3 |       ||     3
       Potion            |       |     2 ||     2
  Eat: Chunk             |     1 |       ||     1
Armor: Leather armour    |     7 |       ||     7
       Chain mail        |    17 |       ||    17
       Plate armour      |    38 |    18 ||    56
Dodge: Dodged            |    14 |     3 ||    17
Block: Buckler           |     9 |     1 ||    10
